 Dungeon Crawl Stone Soup version 0.32-a0-22-g6ae6769602 (webtiles) character file.

Game seed: 3125154116563819316

383370 Morbidden the Brawler (level 21, -9/168 (206) HPs)
             Began as a Troll Fighter on Jan 18, 2024.
             Was a High Priest of Cheibriados.
             Mangled by Vv (20 damage)
             ... on level 1 of the Crypt.
             The game lasted 01:14:38 (40528 turns).

Morbidden the Brawler (Troll Fighter)              Turns: 40528, Time: 01:14:39

HP:   -9/168 (206)  AC: 23    Str: 59    XL:     21   Next: 94%
MP:   24/29         EV: 15    Int: 20    God:    Cheibriados [*****.]
Gold: 571           SH: 28    Dex: 27    Spells: 20/20 levels left

rFire   + .          .
                       - Unarmed
rCold   + + .        C - +1 tower shield
rNeg    . . .        f - +0 gold dragon scales of the Poles {rPois rF+ rC+ Will++ Str+3}
rPois   +            a - +3 crown of Dyrovepreva {rElec Int+2 SInv}
rElec   +            B - +0 cloak of Weightlessness {rElec rC+ Dex+4 Stlth-}
rCorr   .            (gloves unavailable)
SInv    +            (boots unavailable)
Will    +++..        z - amulet of reflection Stlth
                     u - +4 ring of slaying
HPRegen 1.28/turn    D - ring "Ramagi Rouwk" {rElec rPois Str+4 Slay+2}
MPRegen 0.21/turn

%: reflection
@: heavily drained, very slow
A: large, unfitting armour, claws 3, regeneration 1, shaggy fur 1, tough skin 1
}: 2/15 runes: decaying, gossamer
a: Renounce Religion, Bend Time, Temporal Distortion, Slouch, Step From Time


You were on level 1 of the Crypt.
You worshipped Cheibriados.
Cheibriados was extremely pleased with you.
You visited 9 branches of the dungeon, and saw 39 of its levels.
You visited 1 bazaar.
You also visited: Trove, Ossuary, Bailey, Ice Cave and Wizlab.

You collected 4872 gold pieces.
You spent 4301 gold pieces at shops.

Inventory:

Hand Weapons
 o - a +9 broad axe of draining
Missiles
 v - 3 silver javelins
 I - 37 large rocks
 M - 7 boomerangs
 Q - 14 curare-tipped darts (quivered)
 Z - 12 javelins
Armour
 a - the +3 crown of Dyrovepreva (worn) {rElec Int+2 SInv}
   (You found it on level 3 of the Spider Nest)

   Int+2:     It affects your intelligence (+2).
   rElec:     It insulates you from electricity.
   SInv:      It lets you see invisible.
 f - the +0 gold dragon scales of the Poles (worn) {rPois rF+ rC+ Will++ Str+3}
   (You bought it in a shop on level 2 of the Orcish Mines)

   Str+3:     It affects your strength (+3).
   rF+:       It protects you from fire.
   rC+:       It protects you from cold.
   rPois:     It protects you from poison Will++: It greatly increases your
   willpower.
 B - the +0 cloak of Weightlessness (worn) {rElec rC+ Dex+4 Stlth-}
   (You bought it in a shop on level 2 of the Orcish Mines)

   Dex+4:     It affects your dexterity (+4).
   rC+:       It protects you from cold.
   rElec:     It insulates you from electricity.
   Stlth-:    It makes you less stealthy.
 C - a +1 tower shield (worn)
 X - a +0 troll leather armour
Jewellery
 r - a ring of protection from cold
 u - a +4 ring of slaying (left claw)
 z - an amulet of reflection (around neck)
 D - the ring "Ramagi Rouwk" (right claw) {rElec rPois Str+4 Slay+2}
   (You found it in a treasure trove)

   [ring of poison resistance]

   Str+4:     It affects your strength (+4).
   Slay+2:    It affects your accuracy & damage with ranged weapons and melee
   (+2).
   rElec:     It insulates you from electricity.
   rPois:     It protects you from poison
 H - the ring of the Traitor {rCorr Dex+5 SInv}
   (You found it in a treasure trove)

   [ring of resist corrosion]

   Dex+5:     It affects your dexterity (+5).
   SInv:      It lets you see invisible.
   rCorr:     It protects you from acid and corrosion.
 S - a +4 ring of protection
Talismans
 k - a granite talisman
 l - a blade talisman
 A - a storm talisman
Wands
 q - a wand of mindburst (8)
 t - a wand of quicksilver (54)
 w - a wand of flame (80)
 K - a wand of charming (33)
 U - a wand of iceblast (3)
Scrolls
 g - 6 scrolls of enchant armour
 i - 4 scrolls of torment
 m - 4 scrolls of fog
 n - 10 scrolls of fear
 p - 4 scrolls of blinking
 F - 2 scrolls of summoning
 G - 8 scrolls of teleportation
 J - 7 scrolls of poison
 P - 2 scrolls of revelation
 R - 3 scrolls of immolation
 V - 2 scrolls of silence
 Y - a scroll of amnesia
Potions
 b - 2 potions of brilliance
 c - 10 potions of might
 d - 3 potions of heal wounds
 e - 13 potions of curing
 h - 6 potions of ambrosia
 j - 6 potions of enlightenment
 s - 8 potions of magic
 x - 7 potions of mutation
 E - 3 potions of resistance
 L - 4 potions of cancellation
 N - 4 potions of lignification
 O - a potion of berserk rage
 T - 5 potions of invisibility
Miscellaneous
 y - a box of beasts (inert)
 W - a lightning rod (inert)


   Skills:
 * Level 12.2 Fighting
 + Level 10.5 Throwing
 + Level 9.0 Armour
 + Level 11.7 Dodging
 + Level 1.7 Stealth
 + Level 14.5 Shields
 + Level 19.1 Unarmed Combat
 + Level 12.2 Invocations
 + Level 10.6 Evocations
 * Level 12.6 Shapeshifting


You had 20 spell levels left.
You didn't know any spells.
Your spell library contained the following spells:

 Spells                   Type           Power      Damage    Failure   Level
 Foxfire                  Conj/Fire      0%         2x1d4     86%         1
 Kiss of Death            Conj/Necr      0%         2d5       86%         1
 Necrotise                Necr           0%         1d4       86%         1
 Shock                    Conj/Air       0%         1d3       86%         1
 Cigotuvi's Dreadful Rot  Necr/Alch/Air  0%         N/A       95%         2
 Ensorcelled Hibernation  Hex/Ice        0%         N/A       95%         2
 Momentum Strike          Conj/Tloc      0%         3d8       95%         2
 Confusing Touch          Hex            0%         N/A       99%         3
 Dazzling Flash           Conj/Hex       0%         N/A       99%         3
 Frozen Ramparts          Ice            0%         1d1       99%         3
 Fugue of the Fallen      Necr           0%         N/A       99%         3
 Gell's Gravitas          Tloc           0%         N/A       99%         3
 Hailstorm                Conj/Ice       0%         3d5       99%         3
 Mephitic Cloud           Conj/Alch/Air  0%         N/A       99%         3
 Ozocubu's Armour         Ice            0%         N/A       99%         3
 Passwall                 Erth           0%         N/A       99%         3
 Stone Arrow              Conj/Erth      0%         3d7       99%         3
 Summon Ice Beast         Ice/Summ       0%         N/A       99%         3
 Swiftness                Air            0%         N/A       99%         3
 Teleport Other           Tloc           0%         N/A       99%         3
 Tukima's Dance           Hex            0%         N/A       99%         3
 Vampiric Draining        Necr           0%         2d6       99%         3
 Volatile Blastmotes      Fire/Tloc      0%         2d10      99%         3
 Airstrike                Air            0%         2d(0-16)  100%        4
 Animate Armour           Summ/Erth      0%         N/A       100%        4
 Animate Dead             Necr           0%         N/A       100%        4
 Brom's Barrelling Bould  Conj/Erth      0%         2d3       100%        4
 Cause Fear               Hex            0%         N/A       100%        4
 Dimensional Bullseye     Hex/Tloc       0%         N/A       100%        4
 Dispel Undead            Necr           0%         3d6       100%        4
 Fulminant Prism          Conj/Alch      0%         3d5       100%        4
 Iskenderun's Mystic Bla  Conj/Tloc      0%         2d3       100%        4
 Leda's Liquefaction      Alch/Erth      0%         N/A       100%        4
 Manifold Assault         Tloc           0%         N/A       100%        4
 Martyr's Knell           Necr/Summ      0%         N/A       100%        4
 Olgreb's Toxic Radiance  Alch           0%         N/A       100%        4
 Petrify                  Alch/Erth      0%         N/A       100%        4
 Summon Blazeheart Golem  Fire/Summ      0%         N/A       100%        4
 Summon Lightning Spire   Summ/Air       0%         N/A       100%        4
 Vhi's Electric Charge    Tloc/Air       0%         N/A       100%        4
 Alistair's Intoxication  Alch           0%         N/A       100%        5
 Arcjolt                  Conj/Air       0%         1d10      100%        5
 Borgnjor's Vile Clutch   Necr/Erth      0%         N/A       100%        5
 Curse of Agony           Necr           0%         N/A       100%        5
 Fireball                 Conj/Fire      0%         3d3       100%        5
 Irradiate                Conj/Alch      0%         3d11      100%        5
 Iskenderun's Battlesphe  Conj           0%         2d6       100%        5
 Lee's Rapid Deconstruct  Erth           0%         3d4*      100%        5
 Metabolic Englaciation   Hex/Ice        0%         N/A       100%        5
 Silence                  Hex/Air        0%         N/A       100%        5
 Summon Forest            Summ/Tloc      0%         N/A       100%        5
 Summon Mana Viper        Hex/Summ       0%         N/A       100%        5
 Bombard                  Conj/Erth      0%         9d1       100%        6
 Conjure Ball Lightning   Conj/Air       0%         3x3d6     100%        6
 Death Channel            Necr           0%         N/A       100%        6
 Dispersal                Tloc           0%         N/A       100%        6
 Eringya's Noxious Bog    Alch           0%         4d6       100%        6
 Plasma Beam              Fire/Air       0%         2x1d10    100%        6
 Sculpt Simulacrum        Ice/Alch       0%         N/A       100%        6
 Starburst                Conj/Fire      0%         6d3       100%        6
 Summon Cactus Giant      Summ           0%         N/A       100%        6
 Haunt                    Necr/Summ      0%         N/A       100%        7
 Orb of Destruction       Conj           0%         9d5       100%        7
 Ozocubu's Refrigeration  Ice            0%         4d7       100%        7
 Spellforged Servitor     Conj/Summ      0%         N/A       100%        7
 Discord                  Hex            0%         N/A       100%        8
 Disjunction              Tloc           0%         N/A       100%        8
 Infestation              Necr           0%         N/A       100%        8
 Lehudib's Crystal Spear  Conj/Erth      0%         10d2      100%        8
 Maxwell's Capacitive Co  Air            0%         ∞         100%        8
 Dragon's Call            Summ           0%         N/A       100%        9
 Fire Storm               Conj/Fire      0%         5d1       100%        9


Dungeon Overview and Level Annotations

Branches:
Dungeon (15/15)            Temple (1/1) D:5            Lair (5/5) D:8
  Swamp (4/4) Lair:2       Spider (4/4) Lair:2        Slime (0/5) Lair:5
    Orc (2/2) D:11            Elf (3/3) Orc:2        Vaults (4/5) D:13
  Crypt (1/3) Vaults:3     Depths (0/4) D:15        Ossuary (visited)
 Bailey (visited)           IceCv (visited)          WizLab (visited)

Altars:
Ashenzari
Cheibriados
Dithmenos
Elyvilon
Fedhas
Gozag
Hepliaklqana
Kikubaaqudgha
Makhleb
Nemelex Xobeh
Okawaru
Qazlal
Ru
Sif Muna
Trog
Uskayaw
Vehumet
Wu Jian
Xom
Yredelemnul
Zin
The Shining One
Jiyva

Shops:
D:3 =   D:11 !   Orc:2 !([!   Elf:1 =   Elf:2 [[   Elf:3 (?   Vaults:1 [

Annotations:
Lair:5 exclusion: obsidian statue
Crypt:1 Vv


Innate Abilities, Weirdness & Mutations

You are too large for most types of armour.
You have claws for hands.
Your natural rate of healing is unusually fast.
You are covered in fur. (AC +1)
You have tough skin. (AC +1)


Message History

Aim: an alligator snapping turtle skeleton (heavily damaged)
The thunderbolt hits Vv!
Vv resists.
Vv is severely damaged.
The thunderbolt hits the death knight!!!
You kill the death knight!
Cheibriados appreciates the change of pace.
The thunderbolt hits the vampire knight!!!
You destroy the vampire knight!
Cheibriados appreciates the change of pace.
The thunderbolt hits the alligator snapping turtle skeleton!!!
The alligator snapping turtle skeleton is almost destroyed.
The lightning rod overheats!
The ice encasing you melts away.
You hear a hideous shriek! x2
You block Vv's attack. x2
Unknown command.
Unknown command.
You eviscerate Vv!!!
Vv is almost destroyed.
You block Vv's attack. Vv hits you!
You are engulfed in flames!
You resist.
* * * LOW HITPOINT WARNING * * *
You block the alligator snapping turtle skeleton's attack.
Unknown command.
You mangle Vv!!
Vv is almost destroyed.
You block Vv's attack. Vv hits you!!
* * * LOW HITPOINT WARNING * * *
You are engulfed in flames!!
You resist.
* * * LOW HITPOINT WARNING * * *
Unknown command.
Unknown command.
Unknown command.
Unknown command.
Activating: Slouch (1% risk of failure)
Press: ? - help, Dir - look around, f - activate You can feel time thicken for a moment.
Cheibriados lowers the support of your attributes as your movement quickens.
You block the alligator snapping turtle skeleton's attack.
Vv hits you!!
You die...

###....# ..######....#
...........##
..#...##.#.## #..
#....#
#######....####.. #.
.$...............
##...#######.#...###..
.........@9).........
..........)Z.......#..
.....................
####.##...#...######..
#......#...# .
....#####.## ##... #.#
#### .#


You could see Vv and an alligator snapping turtle skeleton.

Vanquished Creatures
  Nikola (Spider:1)
  Arachne (Spider:3)
  A lich (Crypt:1)
  Mlioglotl (Swamp:2)
  A deep elf blademaster (Elf:3)
  3 deep elf master archers
  3 sphinxes
  Aizul (Swamp:1)
  2 thorn hunters (Swamp:4)
  Agnes (Elf:1)
  Roxanne (Elf:1)
  A tengu reaver (Vaults:4)
  3 fenstrider witches (Swamp:4)
  Kirke (D:13)
  3 emperor scorpions
  4 deep elf sorcerers
  A draconian scorcher (WizLab)
  2 frost giants (Vaults:4)
  2 deep elf elementalists (Elf:3)
  21 vault wardens
  5 ghost moths
  3 orc warlords
  A curse skull (Crypt:1)
  17 ironbound preservers
  2 formless jellyfish
  5 ironbound thunderhulks
  2 broodmothers
  3 vampire knights
  4 eleionomae
  5 deep elf demonologists (Elf:3)
  7 deep elf annihilators
  The ghost of Seic the Grappler, a journeyman DrSh of Yredelemnul (Lair:3)
  Azrael (Elf:2)
  6 deep elf death magi
  11 dire elephants
  2 war gargoyles
  8 bunyips
  12 purple draconians (WizLab)
  A crystal guardian (Vaults:4)
  2 spark wasps (Spider:4)
  4 ettins
  7 statues (WizLab)
  A shambling mangrove (Swamp:2)
  4 entropy weavers
  2 deep elf high priests
  A catoblepas (D:13)
  A rakshasa (D:13)
  10 vault guards
  5 ogre magi
  9 yaktaur captains
  8 hydras
  2 hell beasts (Swamp:4)
  2 peacekeepers
  8 great orbs of eyes
  A spriggan air mage (Swamp:4)
  17 centaur warriors
  A ghost crab (Swamp:4)
  2 radroaches
  8 ironbound frosthearts
  4 boulder beetles
  4 jorogumos
  24 dancing weapons
  9 alligators
  A death knight (Crypt:1)
  25 two-headed ogres
  A vampire mage (Crypt:1)
  A sphinx skeleton (Crypt:1)
  11 death yaks
  8 demonic crawlers
  Urug (D:13)
  A deep troll earth mage (D:15)
  2 orc high priests (Elf:1)
  11 deep elf knights
  An occultist (Swamp:4)
  A soul eater (Swamp:4)
  3 skysharks
  2 sixfirhies (Swamp:4)
  A shadow wraith (D:13)
  3 pharaoh ants
  A spectral death yak (Lair:5)
  A skyshark (shapeshifter) (Elf:1)
  2 skeletal warriors (D:13)
  5 goliath frogs
  30 deep trolls
  6 spriggan druids
  10 arcanists
  A sea snake (shapeshifter) (D:13)
  5 orb spiders
  5 swamp dragons
  A glowing orange brain (Vaults:4)
  A spectral anaconda (Lair:5)
  3 bog bodies
  A spriggan simulacrum (Spider:2)
  6 steelbarb worms
  Pikel (D:7)
  15 ironbound convokers
  12 deep elf archers
  4 harpies
  A phantasmal warrior (Vaults:3)
  7 orc knights
  22 deep elf zephyrmancers
  4 necromancers
  10 lindwurms
  6 will-o-the-wisps
  23 deep elf pyromancers
  4 orc sorcerers
  45 ugly things
  Maurice (D:7)
  19 wolf spiders
  9 cyclopes
  2 moths of wrath
  11 meliai
  2 kobold blastminers
  18 vault sentinels
  A black mamba (Lair:4)
  A dire elephant zombie (Crypt:1)
  A smoke demon (Swamp:4)
  6 torpor snails
  13 elephants
  2 orange demons (Swamp:4)
  5 cane toads
  4 efreet
  5 rime drakes
  4 freezing wraiths (Crypt:1)
  4 gargoyles
  9 komodo dragons
  24 yaktaurs
  A golden dragon simulacrum (IceCv)
  2 kobold demonologists
  A bunyip simulacrum (Crypt:1)
  An unseen horror skeleton (Crypt:1)
  A harpy zombie (Crypt:1)
  16 tengu conjurers (WizLab)
  14 hornets
  5 hellwings (Swamp:4)
  9 trolls
  21 tarantellas
  3 polar bears
  A troll (shapeshifter) (D:13)
  A polar bear (shapeshifter) (D:13)
  13 tyrant leeches
  Grinder (D:6)
  A tarantella (shapeshifter) (D:13)
  17 blink frogs
  A blink frog (shapeshifter) (Elf:1)
  Prince Ribbit (D:6)
  7 dream sheep (Lair:3)
  A centaur simulacrum (D:15)
  20 slime creatures
  2 air elementals (Elf:1)
  2 water elementals
  3 shadows
  23 jumping spiders
  12 culicivoras
  59 yaks
  5 dire elephant simulacra
  4 fire elementals
  10 humans (Bailey)
  18 spriggans
  Eustachio (D:5)
  2 basilisks
  A basilisk (shapeshifter) (D:13)
  7 wyverns
  3 wargs
  A minotaur simulacrum (Spider:2)
  5 hogs (D:13)
  4 steam dragons
  38 redbacks
  17 vampire mosquitoes
  4 harpy simulacra
  A merfolk zombie (Crypt:1)
  A spectral cane toad (Lair:5)
  A chaos spawn (Swamp:4)
  Menkaure (D:5)
  A death yak simulacrum (Lair:5)
  18 swamp worms
  17 water moccasins
  3 hell hounds (Elf:2)
  An ettin simulacrum (IceCv)
  4 swamp drakes
  A black bear (D:5)
  26 orc warriors
  5 ice beasts
  2 sky beasts
  6 laughing skulls
  An ogre (shapeshifter) (Elf:3)
  4 boggarts
  22 ogres
  20 wolves
  13 centaurs
  3 elephant skeletons (Lair:5)
  2 phantoms
  2 kobold brigands
  Blork the orc (D:6)
  2 scorpions
  25 bullfrogs
  2 deep troll simulacra (Spider:2)
  An earth elemental (Elf:2)
  A gnoll sergeant (D:12)
  5 wights (D:9)
  2 elephant simulacra (Lair:5)
  4 lindwurm simulacra
  6 electric eels
  7 howler monkeys
  2 hounds
  A human simulacrum (Vaults:3)
  2 human zombies (Ossuary)
  A jelly (D:8)
  A bombardier beetle (D:7)
  14 orc priests
  2 sleepcaps
  Natasha (thrice) (D:3)
  3 iguanas
  21 orc wizards
  A hound zombie (Ossuary)
  4 mummies (Ossuary)
  6 gnolls
  9 adders
  A shadow imp (D:7)
  2 white imps (D:8)
  2 ufetubi (D:6)
  An adder skeleton (Crypt:1)
  2 dart slugs
  66 orcs
  6 endoplasms
  2 giant cockroaches
  7 goblins
  8 hobgoblins
  3 quokkas
  6 ball pythons
  5 bats
  2 bombardier beetle zombies (Crypt:1)
  3 frilled lizards (D:1)
  2 goblin zombies (Ossuary)
  2 hobgoblin zombies (Ossuary)
  A jackal zombie (Ossuary)
  20 kobolds
  A kobold zombie (Ossuary)
  3 orc zombies (Ossuary)
  2 rats
  A spectral weapon (Elf:2)
1520 creatures vanquished.

Vanquished Creatures (collateral kills)
  A deep elf blademaster (Elf:3)
  A deep elf sorcerer (Elf:3)
  4 vault wardens
  A ghost moth (Spider:4)
  2 ironbound preservers
  A deep elf demonologist (Elf:3)
  A dire elephant (Vaults:3)
  A deep elf death mage (Elf:3)
  A deep elf annihilator (Elf:3)
  2 yaktaur captains
  A great orb of eyes (Vaults:4)
  An ironbound frostheart (Vaults:2)
  A centaur warrior (Vaults:2)
  A deep elf knight (Elf:2)
  A deep troll (Vaults:2)
  An ironbound convoker (Vaults:4)
  2 deep elf zephyrmancers (Elf:2)
  A vault sentinel (Vaults:4)
  A yaktaur (Vaults:2)
  3 hornets (Spider:4)
  A redback (Vaults:3)
  A hydra simulacrum (IceCv)
  A hell hound (Elf:2)
31 creatures vanquished.

Vanquished Creatures (others)
  A very ugly thing (IceCv)
  A hydra (Swamp:4)
  An ogre mage (Orc:2)
  2 deep elf knights
  A lindwurm (Vaults:3)
  2 deep elf zephyrmancers
  4 deep elf pyromancers
  An ugly thing (D:13)
  A manticore (D:13)
  A hornet (Swamp:4)
  4 bloated husks
  A spriggan (Swamp:4)
  A water elemental (Elf:1)
  A hog (D:13)
  A redback (Spider:3)
  A swamp worm (Swamp:2)
  18 foxfires
42 creatures vanquished.

Grand Total: 1593 creatures vanquished

Notes
Turn   | Place    | Note
-------+----------+-------------------------------------------
     0 | D:1      | Morbidden the Troll Fighter began the quest for the Orb.
     0 | D:1      | Reached XP level 1. HP: 22/22 MP: 0/0
     2 | D:1      | Noticed an elf
     2 | D:1      | Noticed an octopode
     4 | D:1      | Noticed a ghoul
     6 | D:1      | Noticed an oni
     8 | D:1      | Noticed a naga
    10 | D:1      | Noticed a barachi
    10 | D:1      | Noticed a demigod
    12 | D:1      | Noticed a gargoyle
    12 | D:1      | Noticed a vampire
    14 | D:1      | Noticed a tengu
    14 | D:1      | Noticed a formicid
    16 | D:1      | Noticed a spriggan
    16 | D:1      | Noticed a troll
    18 | D:1      | Noticed a vine stalker
    18 | D:1      | Noticed a demonspawn
    20 | D:1      | Noticed a felid
    20 | D:1      | Noticed a minotaur
    22 | D:1      | Noticed a djinni
    22 | D:1      | Noticed a merfolk
    24 | D:1      | Noticed an armataur
    24 | D:1      | Noticed a draconian
    26 | D:1      | Noticed a human
   191 | D:1      | You fall into a shaft and drop 1 floor!
   249 | D:2      | Reached XP level 2. HP: 29/29 MP: 1/1
   419 | D:2      | Reached XP level 3. HP: 36/36 MP: 2/2
  1112 | D:3      | Reached skill level 1 in Throwing
  1112 | D:3      | Reached XP level 4. HP: 37/44 MP: 3/3
  1161 | D:3      | Got Geidd's Almanac of Hazy Peregrination
  1490 | D:3      | Noticed Natasha
  1495 | D:3      | Killed Natasha
  1530 | D:3      | Found Utuu's Jewellery Boutique.
  1531 | D:3      | Noticed Natasha
  1540 | D:3      | Killed Natasha
  1541 | D:3      | Reached XP level 5. HP: 53/53 MP: 4/4
  1589 | D:3      | Noticed Natasha
  1596 | D:3      | Killed Natasha
  1729 | D:3      | Reached skill level 3 in Unarmed Combat
  2005 | D:3      | Found Utuu's Jewellery Boutique.
  2509 | D:3      | Found Utuu's Jewellery Boutique.
  2648 | D:4      | Reached skill level 1 in Armour
  2826 | D:4      | Found a sand-covered staircase.
  2837 | Ossuary  | Entered an ossuary
  2865 | Ossuary  | Reached XP level 6. HP: 58/61 MP: 5/5
  2879 | Ossuary  | Reached skill level 1 in Shapeshifting
  3405 | D:5      | Entered Level 5 of the Dungeon
  3430 | D:5      | Reached XP level 7. HP: 37/67 MP: 6/6
  3510 | D:5      | Found a stormy altar of Qazlal.
  3535 | D:5      | Reached skill level 4 in Unarmed Combat
  3586 | D:5      | Noticed Eustachio
  3605 | D:5      | Killed Eustachio
  3652 | D:5      | Reached skill level 1 in Evocations
  3662 | D:5      | Found a staircase to the Ecumenical Temple.
  3677 | Temple   | Entered the Ecumenical Temple
  3797 | D:5      | Noticed Menkaure
  3802 | D:5      | Killed Menkaure
  3803 | D:5      | Reached XP level 8. HP: 35/78 MP: 7/7
  4287 | D:6      | Noticed Grinder
  4552 | D:6      | Paralysed by Grinder for 2 turns
  4562 | D:6      | Reached skill level 5 in Unarmed Combat
  4562 | D:6      | Paralysed by Grinder for 3 turns
  4569 | D:6      | Killed Grinder
  4717 | D:6      | Reached XP level 9. HP: 73/85 MP: 8/8
  4829 | D:6      | Noticed Prince Ribbit
  4842 | D:6      | Killed Prince Ribbit
  4843 | D:6      | Reached skill level 5 in Fighting
  4843 | D:6      | Reached skill level 6 in Unarmed Combat
  4946 | D:6      | Noticed Blork the orc
  4957 | D:6      | Killed Blork the orc
  5077 | D:6      | Found a sparkling altar of Nemelex Xobeh.
  5077 | D:6      | Found a radiant altar of Vehumet.
  5078 | D:6      | Found a glowing silver altar of Zin.
  5157 | D:3      | Bought an amulet of reflection for 390 gold pieces
  5224 | D:7      | Noticed Maurice
  5230 | D:7      | Maurice stole a storm talisman
  5239 | D:7      | Something stole 17 poisoned darts
  5242 | D:7      | Something stole 53 gold
  5256 | D:7      | Something stole a +6 ring of strength
  5271 | D:7      | Killed Maurice
  5338 | D:7      | Found a snail-covered altar of Cheibriados.
  5354 | D:7      | Became a worshipper of Cheibriados the Contemplative
  5481 | D:7      | Reached XP level 10. HP: 96/96 MP: 9/9
  5565 | D:7      | Noticed Pikel
  5579 | D:7      | Killed Pikel
  5762 | D:7      | Found a hazy altar of Hepliaklqana.
  5943 | D:8      | Reached skill level 1 in Invocations
  5947 | D:8      | Found a staircase to the Lair.
  5949 | D:8      | Reached skill level 7 in Unarmed Combat
  5954 | D:8      | Reached skill level 5 in Dodging
  5965 | D:8      | Reached * piety under Cheibriados
  6043 | D:8      | Reached skill level 5 in Shields
  6385 | D:8      | Noticed a two-headed ogre
  6403 | D:8      | Killed a two-headed ogre
  6406 | D:8      | Reached skill level 5 in Shapeshifting
  6639 | D:8      | Found a sacrificial altar of Ru.
  6723 | D:9      | Found a flagged portal.
  6731 | Bailey   | Entered a bailey
  6743 | Bailey   | Reached ** piety under Cheibriados
  6802 | Bailey   | Reached XP level 11. HP: 97/105 MP: 11/11
  6885 | Bailey   | Noticed a vault guard
  6890 | Bailey   | Reached *** piety under Cheibriados
  6899 | Bailey   | Killed a vault guard
  6900 | Bailey   | Reached skill level 5 in Throwing
  6911 | Bailey   | Noticed a vault guard
  6926 | Bailey   | Killed a vault guard
  7167 | D:9      | Reached skill level 8 in Unarmed Combat
  7317 | D:9      | Noticed a green ugly thing
  7327 | D:9      | Killed a green ugly thing
  7419 | D:9      | Reached **** piety under Cheibriados
  7771 | D:10     | Entered Level 10 of the Dungeon
  7809 | D:10     | Found a white marble altar of Elyvilon.
  7922 | D:10     | Noticed a two-headed ogre
  7927 | D:10     | Killed a two-headed ogre
  8332 | D:10     | Found an ancient bone altar of Kikubaaqudgha.
  8470 | D:11     | Found Naxzior's Distillery.
  8482 | D:11     | Bought a potion of curing for 45 gold pieces
  8482 | D:11     | Bought a potion of lignification for 45 gold pieces
  8482 | D:11     | Bought a potion of heal wounds for 75 gold pieces
  8482 | D:11     | Bought a potion of berserk rage for 75 gold pieces
  8610 | D:11     | Reached XP level 12. HP: 114/114 MP: 14/14
  8618 | D:11     | Noticed a two-headed ogre
  8631 | D:11     | Killed a two-headed ogre
  8631 | D:11     | Reached ***** piety under Cheibriados
  8971 | D:11     | Noticed a two-headed ogre
  8977 | D:11     | Killed a two-headed ogre
  9019 | D:11     | Reached skill level 9 in Unarmed Combat
  9056 | D:11     | Found a staircase to the Orcish Mines.
  9113 | D:11     | Reached skill level 5 in Armour
  9561 | Lair:1   | Entered Level 1 of the Lair of Beasts
  9845 | Lair:1   | Reached skill level 1 in Stealth
  9909 | Lair:1   | Reached skill level 5 in Evocations
  9912 | Lair:1   | Reached skill level 5 in Invocations
  9991 | Lair:1   | Reached ****** piety under Cheibriados
  9992 | Lair:1   | Reached XP level 13. HP: 115/123 MP: 9/15
 10056 | Lair:1   | Identified the +6 trident of a sewer {freeze, SInv}
 10201 | Lair:1   | Got the Elucidation of the Virous Dragon
 10560 | Lair:2   | Found a hole to the Spider Nest.
 10713 | Lair:2   | Reached skill level 10 in Unarmed Combat
 10766 | Lair:2   | Found a staircase to the Swamp.
 11302 | Lair:3   | Found a runed translucent door.
 11303 | Lair:3   | Noticed Seic's ghost (journeyman DrSh)
 12167 | Lair:3   | Killed Seic's ghost
 12527 | Lair:4   | Reached XP level 14. HP: 133/133 MP: 17/17
 13189 | Lair:5   | Entered Level 5 of the Lair of Beasts
 13316 | Lair:5   | Found a staircase to the Slime Pits.
 13317 | Lair:5   | Found a viscous altar of Jiyva.
 14016 | Lair:5   | Reached skill level 11 in Unarmed Combat
 15327 | Lair:5   | Identified the +1 double sword of Inquiry {holy, Dex+5}
 16479 | D:12     | Found a stormy altar of Qazlal.
 17856 | D:13     | Reached XP level 15. HP: 143/143 MP: 19/19
 17877 | D:13     | Noticed Kirke
 17891 | D:13     | Killed Kirke
 17989 | D:13     | Noticed Urug
 17999 | D:13     | Killed Urug
 18228 | D:13     | Paralysed by something for 3 turns
 18551 | D:13     | Found a gate to the Vaults.
 18748 | D:14     | Identified the +2 scale mail of the Toothy God {rC+ Str+4}
 19097 | D:14     | Reached skill level 12 in Unarmed Combat
 19314 | D:15     | Entered Level 15 of the Dungeon
 19407 | D:15     | Found a staircase to the Depths.
 19836 | D:15     | Found a portal to a secret trove of treasure.
 19847 | D:15     | You paid a toll of 11 potions of heal wounds to enter a
                  | treasure trove
 19848 | Trove    | Entered a treasure trove
 19906 | Trove    | Identified the ring "Ramagi Rouwk" {rElec rPois Str+4
                  | Slay+2}
 19911 | Trove    | Identified the ring of the Traitor {rCorr Dex+5 SInv}
 20069 | D:15     | Reached skill level 10 in Shields
 20476 | Orc:1    | Entered Level 1 of the Orcish Mines
 21073 | Orc:2    | Entered Level 2 of the Orcish Mines
 21159 | Orc:2    | Reached XP level 16. HP: 114/154 MP: 21/21
 21538 | Orc:2    | Found Yschikk's Weapon Boutique.
 21538 | Orc:2    | Found Japrak's Distillery.
 21539 | Orc:2    | Found Sudd's Distillery.
 21539 | Orc:2    | Found Ahu Badgh's Antique Armour Boutique.
 21550 | Orc:2    | Bought a crude cloak for 294 gold pieces
 21550 | Orc:2    | Identified the +0 cloak of Weightlessness {rElec rC+ Dex+4
                  | Stlth-} (You bought it in a shop on level 2 of the Orcish
                  | Mines)
 21592 | Orc:2    | Found a staircase to the Elven Halls.
 21598 | Orc:2    | Found a shimmering blue altar of Sif Muna.
 22033 | Swamp:1  | Entered Level 1 of the Swamp
 22050 | Swamp:1  | Identified the serpent talisman of Philately {Int+4}
 22050 | Swamp:1  | Noticed Aizul
 22066 | Swamp:1  | Killed Aizul
 22369 | Swamp:1  | Reached skill level 13 in Unarmed Combat
 22701 | Swamp:2  | Paralysed by a hornet for 1 turns
 22971 | Swamp:2  | Noticed Mlioglotl
 22991 | Swamp:2  | Killed Mlioglotl
 24165 | Swamp:4  | Entered Level 4 of the Swamp
 24170 | Swamp:4  | Noticed a thorn hunter
 24174 | Swamp:4  | Reached XP level 17. HP: 152/163 MP: 16/22
 24550 | Swamp:4  | Reached skill level 10 in Shapeshifting
 24903 | Swamp:4  | Reached skill level 14 in Unarmed Combat
 25410 | Swamp:4  | Got a decaying rune of Zot
 25648 | Spider:1 | Entered Level 1 of the Spider Nest
 25665 | Spider:1 | Noticed Nikola
 25681 | Spider:1 | Killed Nikola
 25682 | Spider:1 | Reached skill level 10 in Throwing
 25816 | Spider:1 | Identified the ring of Muhaj {rPois Dex+6}
 26556 | Spider:2 | Found a glacial archway.
 26615 | IceCv    | Entered an ice cave
 26638 | IceCv    | Found a transporter.
 26648 | IceCv    | Found a transporter.
 26649 | IceCv    | Identified the +5 ring mail of Zaec {rC+}
 26737 | Spider:2 | Reached skill level 10 in Fighting
 27498 | Spider:3 | Noticed Arachne
 27515 | Spider:3 | Killed Arachne
 27611 | Spider:3 | Found a large runed translucent door.
 27611 | Spider:3 | Found a large runed translucent door.
 27627 | Spider:3 | Reached XP level 18. HP: 174/174 MP: 24/24
 27851 | Spider:3 | Found the +3 crown of Dyrovepreva {rElec Int+2 SInv}
 28452 | Spider:4 | Entered Level 4 of the Spider Nest
 28461 | Spider:3 | Reached skill level 15 in Unarmed Combat
 29622 | Spider:4 | Reached skill level 10 in Invocations
 29923 | Spider:4 | Identified the +0 hat of Gehenna {Rampage *Corrode *Slow
                  | Stlth+}
 30019 | Spider:4 | Got a gossamer rune of Zot
 30560 | Elf:1    | Entered Level 1 of the Elven Halls
 30629 | Elf:1    | You fall into a shaft and drop 1 floor!
 30756 | Elf:2    | Found a runed translucent gate.
 30756 | Elf:2    | Found a runed translucent gate.
 30756 | Elf:2    | Found a runed translucent gate.
 30933 | Elf:2    | Noticed Azrael
 30946 | Elf:2    | Killed Azrael
 30947 | Elf:2    | Reached skill level 16 in Unarmed Combat
 31014 | Elf:2    | Reached skill level 10 in Dodging
 31194 | Elf:2    | Found Illuel's Antique Armour Shoppe.
 31209 | Elf:2    | Found Ecvier's Armour Shoppe.
 31231 | Elf:2    | Reached XP level 19. HP: 161/184 MP: 25/25
 31640 | Elf:1    | Noticed Roxanne
 31650 | Elf:1    | Killed Roxanne
 31996 | Elf:1    | Found a huge runed translucent gate.
 31997 | Elf:1    | Found a huge runed translucent gate.
 32010 | Elf:1    | Found a huge runed translucent gate.
 32010 | Elf:1    | Found a huge runed translucent gate.
 32011 | Elf:1    | Found a huge runed translucent gate.
 32012 | Elf:1    | Found a huge runed translucent gate.
 32012 | Elf:1    | Found a huge runed translucent gate.
 32012 | Elf:1    | Found a huge runed translucent gate.
 32012 | Elf:1    | Found a huge runed translucent gate.
 32012 | Elf:1    | Found a huge runed translucent gate.
 32013 | Elf:1    | Found a huge runed translucent gate.
 32013 | Elf:1    | Found a huge runed translucent gate.
 32013 | Elf:1    | Found a huge runed translucent gate.
 32013 | Elf:1    | Found a huge runed translucent gate.
 32013 | Elf:1    | Found a huge runed translucent gate.
 32013 | Elf:1    | Found a huge runed translucent gate.
 32013 | Elf:1    | Found a huge runed translucent gate.
 32013 | Elf:1    | Found a huge runed translucent gate.
 32013 | Elf:1    | Noticed Agnes
 32014 | Elf:1    | Found a huge runed translucent gate.
 32014 | Elf:1    | Found a huge runed translucent gate.
 32069 | Elf:1    | Found Kynutis's Jewellery Boutique.
 32086 | Elf:1    | Paralysed by an air elemental for 1 turns
 32274 | Elf:1    | Killed Agnes
 32702 | Orc:2    | Bought shimmering gold dragon scales for 2635 gold pieces
 32702 | Orc:2    | Identified the +0 gold dragon scales of the Poles {rPois
                  | rF+ rC+ Will++ Str+3} (You bought it in a shop on level 2
                  | of the Orcish Mines)
 32844 | Elf:3    | Entered Level 3 of the Elven Halls
 32887 | Elf:3    | Found Urelethri's Magic Scroll Emporium.
 32907 | Elf:3    | Found Cishidgh's Antique Weapon Boutique.
 33293 | Elf:3    | Noticed a Brimstone Fiend
 33334 | Elf:3    | Reached skill level 17 in Unarmed Combat
 33585 | Elf:3    | Identified the +8 dagger of the Warrior {antimagic, rPois
                  | rN+++ Will- Str-5}
 33609 | Elf:3    | Identified the +1 spear "Beowk" {vamp, rN++}
 33610 | Elf:3    | Identified the ring "Ossudagh" {Will+ MP+9 Int+2}
 33612 | Elf:3    | Identified the staff "Killer Bee's Regret" {*Corrode rC+++
                  | SInv Air Earth}
 33724 | Elf:3    | Identified the staff of the Land of Plenty {rN+ Dex+3
                  | Necro}
 33811 | Elf:3    | Identified the +10 rapier of Iconoclasm {elec, rPois rC-
                  | Int+3 Dex+6}
 34300 | Vaults:1 | Entered Level 1 of the Vaults
 34305 | Vaults:1 | Found a magical portal.
 34315 | WizLab   | Entered Iskenderun's Mystic Tower
 35006 | WizLab   | Got Iskenderun's Textbook on Trauma
 35148 | Vaults:1 | Reached XP level 20. HP: 144/195 MP: 27/27
 35289 | Vaults:1 | Found Yleshrin's Armour Shoppe.
 36417 | Vaults:2 | Reached skill level 18 in Unarmed Combat
 37594 | Vaults:3 | Found a staircase to the Crypt.
 37601 | Vaults:3 | Reached skill level 10 in Evocations
 37695 | Vaults:3 | Found a flickering gateway to a bazaar.
 37706 | Bazaar   | Entered a bazaar
 37734 | Bazaar   | Found Poutsebo's Magic Scroll Emporium.
 37740 | Bazaar   | Found Wuplalugh's Antique Weapon Boutique.
 37766 | Bazaar   | Found Senad Yps's General Store.
 37772 | Bazaar   | Found Bocsewue's Armour Boutique.
 37777 | Bazaar   | Found Geotumnuj's General Store.
 37786 | Bazaar   | Bought 5 curare-tipped darts for 54 gold pieces
 37799 | Bazaar   | Bought a potion of curing for 33 gold pieces
 37799 | Bazaar   | Bought a potion of curing for 33 gold pieces
 37817 | Bazaar   | Bought a scroll of enchant armour for 67 gold pieces
 37817 | Bazaar   | Bought a scroll of enchant armour for 67 gold pieces
 37817 | Bazaar   | Bought a scroll of teleportation for 27 gold pieces
 37817 | Bazaar   | Bought a scroll of enchant armour for 67 gold pieces
 37859 | Bazaar   | Bought a wand of quicksilver (6) for 226 gold pieces
 37859 | Bazaar   | Bought a potion of heal wounds for 45 gold pieces
 37870 | Bazaar   | Bought a wand of mindburst (8) for 123 gold pieces
 38143 | Vaults:3 | Reached XP level 21. HP: 173/204 MP: 28/28
 38720 | Crypt:1  | Entered Level 1 of the Crypt
 39804 | Vaults:4 | Reached skill level 19 in Unarmed Combat
 39814 | Vaults:4 | HP: 4/206 [frost giant/+0 battleaxe of freezing (7)]
 39815 | Vaults:4 | HP: 1/206 [poisoned by a vault warden]
 40484 | Crypt:1  | Noticed Vv
 40528 | Crypt:1  | Mangled by Vv

Illustrated notes

Levels and vault maps discovered:
D:1:      kb_arrival_jail, layout_basic
D:2:      layout_rooms, st_stairs_12
D:3:      layout_rooms, serial_shops, nicolae_shop_rolling_square,
          kennysheep_cross_room, minmay_goblin_kobold_house, uniq_natasha
D:4:      layout_gridville, nicolae_ossuary_entry_monument,
          dreamdust_princess_corridor, abandoned_shop, minmay_bent
D:5:      layout_loops_ring, overflow_temple_1_default,
          minmay_temple_entry_offerings, uniq_menkaure, uniq_eustachio
D:6:      layout_rooms, gammafunk_temple_overflow_claw, uniq_prince_ribbit1,
          uniq_grinder, uniq_blork_the_orc
D:7:      layout_rooms, nzn_hepliaklqana_mist_gate, cheibriados_altar_1,
          serial_bayou_pond_a, uniq_maurice, uniq_pikel
D:8:      layout_loops_ring, nicolae_ru_path_of_blood, hellmonk_lair_entry_icy
D:9:      layout_small_grid, enter_bailey_6, minmay_misc_feat_doors,
          nicolae_titane
D:10:     layout_roguey, elyvilon_altar_4, kennysheep_mini
D:11:     layout_loops_ring, david_orc_1_choice, serial_shops, shop,
          nicolae_kite_square_tiling_tiny, billiards_dpeg
D:12:     layout_layer_cave, grunt_qazlal_clouds
D:13:     minmay_quarter_circles, layout_irregular_city, david_vaults_4,
          uniq_urug, uniq_kirke
D:14:     layout_roguey, kennysheep_generic_room_5
D:15:     hellmonk_depths_entry_around_the_bend, layout_basic, enter_trove_5,
          skrybe_limestone_x
Temple:   nicolae_temple_god_jail
Lair:1:   kb_forest_paths, layout_regular_city
Lair:2:   layout_loops_ring, mainiacjoe_swamp_entry_lozenge_pond,
          spider_nest_entry_a, infiniplex_staircase_pool_2, lemuel_fruit_tree
Lair:3:   layout_roguey, gammafunk_ghost_grave, grunt_megastairs_1,
          infiniplex_staircase_pool
Lair:4:   layout_gridlike, serial_bayou_shore_b
Lair:5:   due_jungle_book, layout_concentric_octagons, slime_entry_1
Swamp:1:  layout_basic_swamp, hangedman_swamp_lotus, uniq_aizul
Swamp:2:  layout_basic_swamp, nicolae_swamp_dense_foliage, swamp_pool_1_2,
          nicolae_swamp_long_stream, uniq_mlioglotl
Swamp:3:  layout_basic_swamp, nicolae_swamp_little_swirl
Swamp:4:  nzn_swamp_witches_coven, layout_basic_swamp, swamp_pool_5
Spider:1: layout_spider_delve, hangedman_spider_tarantella_strand, uniq_nikola
Spider:2: layout_spider_delve, portal_ice_cave_entry_ice_simulacra
Spider:3: layout_spider_delve, spiders_nest_the_unseen, uniq_arachne
Spider:4: spider_rune_water, nicolae_spider_world_wide_web
Orc:1:    layout_caves, mines2_david
Orc:2:    st_orc_ogre_mass, layout_caves, led_sif_book
Elf:1:    nicolae_elf_arrival_no_cutting_in_line, layout_geoelf_grid,
          serial_shops, nicolae_shop_statue_plus, hangedman_elf_represent,
          item_on_display_a, uniq_roxanne, uniq_agnes
Elf:2:    elven_hall_of_blades_hangedman_original
          [infiniplex_blade_entry_pillars], layout_geoelf_grid,
          minmay_shop_star, uniq_azrael
Elf:3:    grunt_elf_hall_diamonds, layout_geoelf_castle, serial_shops, shop,
          shop
Vaults:1: mu_enter_wizlab_4, nicolae_vaults_offset_grid_hallway_2,
          nicolae_vaults_little_squares_4, hangedman_vaults_hat,
          v_alt_pattern_6, nicolae_vaults_offset_grid_hallway_4,
          ontoclasm_vaults_ligature, vaults_room_stairs_pillars,
          vaults_dpeg_emergency_exit, nicolae_vaults_more_shelving_1,
          ontoclasm_vaults_decontamination, layout_vaults_omnigrid,
          serial_shops, shop_statue
Vaults:2: v_misc_13, ontoclasm_vaults_gateway, nicolae_vaults_closet_pinwheel_2,
          grunt_vaults_trifunnel, hangedman_vaults_trim, v_rooms_2,
          nicolae_vaults_trapezoid_1, vaults_room_hallway,
          nicolae_vaults_little_squares_4, v_pattern_5, vaults_dpeg_diagonal,
          nicolae_vaults_specimen_jars, nicolae_vaults_tetromino_Z_2,
          layout_vaults_omnicross
Vaults:3: minmay_crypt_entry_simple_sparse, nicolae_vaults_shrinking_rooms_2,
          nicolae_vaults_network_star, nicolae_vaults_sesquioval_fish,
          serial_ice_g, vaults_dpeg_encased_lava,
          nicolae_vaults_windows_and_doors_thing, v_pattern_1,
          vaults_room_stairs_pillars, nicolae_vaults_security_offices_5,
          layout_vaults_big_room, serial_shops, bzr_entry_water
Vaults:4: nicolae_vaults_border_crossing, hangedman_vaults_pinch, v_misc_28,
          nicolae_vaults_spaceships, vaults_standard_mumra_x,
          vaults_room_large_hall, nicolae_vaults_bisected_slash,
          nicolae_vaults_apartment_1, v_misc_29,
          dpeg_vaults_pockets_of_resistance, nicolae_vaults_tangram_1,
          nicolae_vaults_trapezoid_4, layout_vaults_omnibox
Crypt:1:  hangedman_hall_of_fallen_heroes, layout_misc_corridors, uniq_vv

Skill      XL: |  1  2  3  4  5  6  7  8  9 10 11 12 13 14 15 16 17 18 19 20 21 |
---------------+----------------------------------------------------------------+-----
Throwing       | 1 2 3 4 5 6 7 8 9 10 | 10.5
Shields        | 3 4 5 6 7 8 9 10 11 12 13 14 | 14.5
Dodging        | 3 4 5 6 7 8 9 10 11 | 11.7
Fighting       | 3 4 5 6 7 8 9 10 11 12 | 12.2
Unarmed Combat | 3 4 5 6 7 8 9 10 11 12 13 14 16 17 18 19 | 19.1
Armour         | 1 2 3 4 5 6 7 8 9 |  9.0
Shapeshifting  | 1 2 3 4 5 6 7 8 9 10 11 12 | 12.6
Evocations     | 1 2 3 4 5 6 7 8 9 10 | 10.6
Invocations    | 2 4 5 6 7 8 9 10 11 12 | 12.2
Stealth        | 1 |  1.7

Action                     |  1- 3 |  4- 6 |  7- 9 | 10-12 | 13-15 | 16-18 | 19-21 || total
---------------------------+-------+-------+-------+-------+-------+-------+-------++-------
  Melee: Unarmed           |    56 |   178 |   242 |   663 |  1033 |  1134 |  1169 ||  4475
  Throw: Dart              |       |       |     7 |     3 |     9 |       |     5 ||    24
         Stone             |       |       |     3 |     6 |   106 |   108 |       ||   223
         Boomerang         |       |       |       |       |    28 |    12 |    29 ||    69
         Large rock        |       |       |       |       |       |    26 |    30 ||    56
         Javelin           |       |       |       |       |       |       |     2 ||     2
 Invoke: Slouch            |       |       |       |     1 |     7 |    18 |     7 ||    33
         Bend Time         |       |       |       |       |       |       |     2 ||     2
         Step From Time    |       |       |       |       |       |       |     1 ||     1
  Evoke: Wand              |       |       |     4 |       |     3 |    15 |     2 ||    24
         Box of beasts     |       |       |       |       |       |     3 |     4 ||     7
         Lightning rod     |       |       |       |       |       |       |     4 ||     4
    Use: Scroll            |       |     4 |     2 |     6 |    18 |    14 |     8 ||    52
         Potion            |       |       |       |     1 |       |     4 |     4 ||     9
   Stab: Distracted        |       |       |       |       |     1 |     3 |     2 ||     6
 Armour: Robe              |     6 |       |       |       |       |       |       ||     6
         Fire dragon scale |    23 |   158 |   245 |   262 |   381 |   499 |    73 ||  1641
         Troll leather arm |       |       |       |       |     7 |    22 |       ||    29
         Gold dragon scale |       |       |       |       |       |       |   387 ||   387
  Dodge: Dodged            |    12 |    75 |    93 |   126 |   230 |   375 |   270 ||  1181
  Block: Kite shield       |    12 |    79 |   127 |     9 |       |       |       ||   227
         Tower shield      |       |       |       |   755 |  1298 |  1618 |  1491 ||  5162
         Reflection        |       |       |       |    22 |    61 |    55 |   165 ||   303

Table legend: (Time is in decaauts)
 A = Elapsed time spent in this place.
 B = Non-inter-level travel time spent in this place.
 C = Inter-level travel time spent in this place.
 D = Time resting spent in this place.
 E = Time spent auto-exploring this place.
 F = Levels seen in this place.
 G = Mean time per level.
                   A        B        C        D        E       F      G
               +--------+--------+--------+--------+--------+-----+--------+
         Total |  61194 |  55916 |   5278 |   4304 |  40609 |  45 | 1359.9 |
       Dungeon |  19605 |  17336 |   2269 |    569 |  13763 |  15 | 1307.0 |
        Temple |      1 |      1 |      0 |      0 |      0 |   1 |    1.0 |
          Lair |  10339 |   9111 |   1228 |   1094 |   6617 |   5 | 2067.8 |
         Swamp |   5228 |   5019 |    209 |    699 |   3307 |   4 | 1307.0 |
   Spider Nest |   6659 |   6380 |    279 |   1260 |   3932 |   4 | 1664.8 |
  Orcish Mines |   2482 |   2158 |    324 |    112 |   1610 |   2 | 1241.0 |
   Elven Halls |   6026 |   5411 |    615 |    276 |   4006 |   3 | 2008.7 |
        Vaults |   8200 |   7851 |    349 |     92 |   6290 |   4 | 2050.0 |
         Crypt |    305 |    304 |      1 |     11 |    177 |   1 |  305.0 |
        Bazaar |    346 |    346 |      0 |      0 |    129 |   1 |  346.0 |
         Trove |    182 |    182 |      0 |      0 |     55 |   1 |  182.0 |
       Ossuary |    220 |    220 |      0 |      0 |     93 |   1 |  220.0 |
        Bailey |    397 |    397 |      0 |      0 |    121 |   1 |  397.0 |
      Ice Cave |     72 |     72 |      0 |      0 |      0 |   1 |   72.0 |
        Wizlab |   1126 |   1126 |      0 |    190 |    506 |   1 | 1126.0 |
               +--------+--------+--------+--------+--------+-----+--------+

Top non-repeatable levels by time:
  Lair:5: 3321 daAuts
    D:12: 2645 daAuts
Spider:3: 2258 daAuts
   Elf:1: 2248 daAuts
Vaults:4: 2201 daAuts
Vaults:1: 2195 daAuts
    D:13: 2130 daAuts
Vaults:2: 2091 daAuts
   Elf:3: 2071 daAuts
    D:11: 2014 daAuts
  Lair:1: 1918 daAuts
 Swamp:4: 1902 daAuts
  Lair:3: 1819 daAuts
  Lair:4: 1733 daAuts
Vaults:3: 1710 daAuts
